 Dungeon Crawl Stone Soup version 0.29-a0-284-gf9362112df (webtiles) character file.

Game seed: 18086214386961834143

266 rabbitsville the Chopper (level 6, -2/56 HPs)
             Began as a Minotaur Fighter on Mar 16, 2022.
             Slain by a river rat (7 damage)
             ... on level 3 of the Dungeon.
             The game lasted 00:08:18 (2392 turns).

rabbitsville the Chopper (Minotaur Fighter)         Turns: 2392, Time: 00:08:19

Health: -2/56      AC: 13    Str: 22    XL:     6   Next: 0%
Magic:  5/5        EV:  6    Int:  5    God:
Gold:   94         SH:  4    Dex: 10    Spells: 5/5 levels left

rFire   . . .      SeeInvis .   a - +0 war axe
rCold   . . .      Faith    .   c - +0 buckler
rNeg    . . .      Spirit   .   k - +0 plate armour
rPois   .          Reflect  .   (helmet restricted)
rElec   .          Harm     .   (no cloak)
rCorr   .          Rampage  .   p - +0 pair of gloves
Will    .....                   l - +0 pair of boots
Stlth   ..........              (no amulet)
HPRegen 0.18/turn               (no ring)
MPRegen 0.09/turn               (no ring)

@: no status effects
A: horns 2, retaliatory headbutt
a: no special abilities


You were on level 3 of the Dungeon.
You visited 1 branch of the dungeon, and saw 3 of its levels.

You collected 94 gold pieces.

Inventory:

Hand Weapons
 a - a +0 war axe (weapon)
Missiles
 n - 5 boomerangs (quivered)
 o - 4 javelins
Armour
 b - a +0 scale mail
 c - a +0 buckler (worn)
 k - a +0 plate armour (worn)
 l - a +0 pair of boots (worn)
 p - a +0 pair of gloves (worn)
Jewellery
 q - a ring of positive energy
Wands
 r - a wand of polymorph (8)
Scrolls
 e - a scroll of immolation {unknown}
 j - 5 scrolls of identify {unknown}
 m - a scroll of noise {unknown}
Potions
 d - 2 potions of might
 f - a potion of brilliance {unknown}
 g - 2 potions of haste {unknown}
 h - a potion of heal wounds {unknown}
 i - a potion of berserk rage {unknown}
 s - a potion of invisibility {unknown}


   Skills:
 + Level 5.4 Fighting
 * Level 6.4 Axes
 - Level 3.6 Armour
 - Level 3.6 Shields


You had 5 spell levels left.
You didn't know any spells.
Your spell library was empty.

Dungeon Overview and Level Annotations

Branches:
Dungeon (3/15)

Altars:
Qazlal


Innate Abilities, Weirdness & Mutations

You have a pair of horns on your head.
You reflexively headbutt those who attack you in melee.


Message History

Found 3 gold pieces.
A river rat and an adder come into view.
The adder hisses angrily.
The adder bites you but does no damage.
A river rat comes into view.
The adder barely misses you.
You slash the adder!
The adder is severely wounded.
The adder bites you but does no damage. x2
You miss the adder.
The adder is severely wounded.
You hit the river rat. The adder bites you but does no damage.
The river rat closely misses you.
You slash the adder!
You kill the adder!
You hit the river rat but do no damage.
The river rat bites you but does no damage. x3
You have reached level 6!
You closely miss the river rat. x2
The river rat bites you but does no damage.
The river rat closely misses you.
You closely miss the river rat. You hit the river rat. The river rat bites you.
The river rat bites you but does no damage.
You closely miss the river rat. You headbutt the river rat.
The river rat is heavily wounded.
You hit the river rat but do no damage. The river rat bites you.
The river rat barely misses you.
You hit the river rat but do no damage. Your headbutt misses the river rat.
The river rat is heavily wounded.
You hit the river rat. The river rat bites you!
* * * LOW HITPOINT WARNING * * *
The river rat bites you!
* * * LOW HITPOINT WARNING * * *
You hit the river rat.
You headbutt the river rat, but do no damage.
The river rat is severely wounded.
You closely miss the river rat.
The river rat bites you but does no damage.
You block the river rat's attack. The river rat bites you!
You die...

##.## ... #≈# ...#
#.# #≈≈ ≈..#
##.#### #≈#≈.$.#
......# #≈≈≈...#
#####.# #≈#....#
#.# #≈≈≈...#
#.##########rr....#
#.).........@.....#
###################


You could see 2 river rats.

Vanquished Creatures
  A sky beast (D:3)
  2 orc priests (D:3)
  5 adders
  2 worms
  A dart slug (D:2)
  6 orcs (D:3)
  5 bats
  5 endoplasms
  4 giant cockroaches
  3 goblins
  7 hobgoblins
  6 jackals
  3 kobolds
  A quokka (D:1)
  2 ball pythons
  4 frilled lizards
  6 rats
63 creatures vanquished.

Notes
Turn   | Place    | Note
-------+----------+-------------------------------------------
     0 | D:1      | rabbitsville the Minotaur Fighter began the quest for the
                  | Orb.
     0 | D:1      | Reached XP level 1. HP: 19/19 MP: 0/0
     1 | D:1      | Found a runed translucent door.
    68 | D:1      | Reached skill level 3 in Axes
    70 | D:1      | Reached XP level 2. HP: 26/27 MP: 1/1
  1032 | D:1      | Reached XP level 3. HP: 29/33 MP: 2/2
  1048 | D:1      | Reached skill level 4 in Axes
  1331 | D:2      | Found a faded altar of an unknown god.
  1403 | D:2      | Reached XP level 4. HP: 40/41 MP: 3/3
  2179 | D:3      | Noticed a sky beast
  2193 | D:3      | Killed a sky beast
  2194 | D:3      | Reached skill level 5 in Fighting
  2194 | D:3      | Reached skill level 5 in Axes
  2194 | D:3      | Reached XP level 5. HP: 47/48 MP: 4/4
  2201 | D:3      | Found a stormy altar of Qazlal.
  2286 | D:3      | Reached skill level 6 in Axes
  2388 | D:3      | Reached XP level 6. HP: 24/56 MP: 5/5
  2392 | D:3      | Slain by a river rat

Illustrated notes

Levels and vault maps discovered:
D:1:      dpeg_arrival_caged_fury, layout_basic, chequers_avenue,
          minmay_indecisive_spiral
D:2:      layout_basic, ebering_ecumenical_altar_webs,
          kennysheep_generic_room_10
D:3:      layout_loops_ring, grunt_qazlal_clouds, lightli_sewer_entry_pipes,
          corexii_shack, pf_guarded_unrand_meek

Skill      XL: |  1  2  3  4  5 |
---------------+----------------+-----
Axes           | 3 4 5 6 |  6.4
Fighting       | 4 5 |  5.4
Armour         | |  3.6
Shields        | |  3.6

Action                   |  1- 3 |  4- 6 || total
-------------------------+-------+-------++-------
Melee: War axe           |    93 |    71 ||   164
       Headbutt          |    12 |     9 ||    21
Armor: Scale mail        |    23 |       ||    23
       Plate armour      |    28 |    65 ||    93
Dodge: Dodged            |    35 |    14 ||    49
Block: Buckler           |    25 |    16 ||    41

Table legend: (Time is in decaauts)
 A = Elapsed time spent in this place.
 B = Non-inter-level travel time spent in this place.
 C = Inter-level travel time spent in this place.
 D = Time resting spent in this place.
 E = Time spent auto-exploring this place.
 F = Levels seen in this place.
 G = Mean time per level.
                   A        B        C        D        E       F      G
               +--------+--------+--------+--------+--------+-----+--------+
         Total |   2445 |   2445 |      0 |    184 |   1185 |   3 |  815.0 |
       Dungeon |   2445 |   2445 |      0 |    184 |   1185 |   3 |  815.0 |
               +--------+--------+--------+--------+--------+-----+--------+

Top non-repeatable levels by time:
     D:2: 1112 daAuts
     D:1: 1103 daAuts
     D:3: 228 daAuts
